 Dungeon Crawl Stone Soup version 0.23-a0-301-g9da9e51 (webtiles) character file.

56 mopl the Vexing (level 3, -4/24 HPs)
             Began as a Demonspawn Enchanter on Oct 7, 2018.
             Killed by divine providence
             ... invoked by an orc priest
              (13 damage)
             ... on level 2 of the Dungeon.
             The game lasted 00:03:29 (2198 turns).

mopl the Vexing (Demonspawn Enchanter)              Turns: 2198, Time: 00:03:30

Health: -4/24      AC:  3    Str:  8    XL:     3   Next: 69%
Magic:  0/6        EV: 12    Int: 16    God:
Gold:   0          SH:  0    Dex: 14    Spells: 0/6 levels left

rFire    . . .     SeeInvis .   a - +1 dagger
rCold    . . .     Gourm    .   (no shield)
rNeg     . . .     Faith    .   b - +0 robe
rPois    .         Spirit   .   (no helmet)
rElec    .         Reflect  .   h - scarf {repulsion}
rCorr    .         Harm     .   (no gloves)
MR       .....                  (no boots)
Stlth    +++.......             (no amulet)
HPRegen  0.08/turn              i - ring of flight
MPRegen  0.10/turn              (no ring)

@: very slightly contaminated, repel missiles
A: rugged brown scales 1, nightstalker 1
a: Evoke Flight


You were on level 2 of the Dungeon.
You were not hungry.

You visited 1 branch of the dungeon, and saw 2 of its levels.

Inventory:

Hand Weapons
 a - a +1 dagger (weapon)
 m - a cursed -3 short sword
Armour
 b - a +0 robe (worn)
 f - a +0 cloak
 g - a +0 shield
 h - a scarf of repulsion (worn)
Jewellery
 i - a ring of flight (left hand)
Scrolls
 c - 2 scrolls of identify
 e - 2 scrolls of remove curse
 j - a scroll of random uselessness {unknown}
Potions
 l - a potion of ambrosia {unknown}
Comestibles
 d - 3 rations
 k - 4 chunks of flesh


   Skills:
 - Level 0.8 Short Blades
 - Level 1.7 Dodging
 * Level 3.4 Stealth
 + Level 2.4 Spellcasting
 * Level 3.7 Hexes
 + Level 0.7 Ice Magic


You couldn't memorise any spells.
You knew the following spells:

 Your Spells              Type           Power        Failure   Level  Hunger
a - Corona                Hex            ##.....      4%          1    #......
b - Ensorcelled Hibernat  Hex/Ice        #.....       12%         2    ###....
c - Confuse               Hex            ##......     13%         3    ###....

Your spell library contained the following spells:

 Spells                   Type           Power        Failure   Level  Hunger
 Tukima's Dance           Hex            ##......     13%         3    ###....
 Dazzling Spray           Conj/Hex       #.....       28%         3    ###....


Dungeon Overview and Level Annotations

Branches:
Dungeon (2/15)

Altars:


Innate Abilities, Weirdness & Mutations

You are partially covered in rugged brown scales. (AC +1, +3% HP)
You are slightly more attuned to the shadows.


Message History

Press: ? - help, Shift-Dir - straight line, f/p - orc priest
Aim: an orc priest, wielding a war axe and wearing a leather armour (chance to You miscast Ensorcelled Hibernation.
You are very lightly contaminated with residual magic.
The light around you dims momentarily.
Unknown command.
Casting: Ensorcelled Hibernation (safe; 12% risk of failure)
Confirm with . or Enter, or press ? or * to list all spells.
Aiming: Ensorcelled Hibernation (safe; 12% risk of failure)
Press: ? - help, Shift-Dir - straight line, f/p - orc priest
Aim: an orc priest, wielding a war axe and wearing a leather armour (chance to The orc priest resists with some effort.
The orc priest mumbles some strange prayers to Beogh against you.
Beogh smites you!
Ouch! That really hurt!
Unknown command.
The orc priest calls down the wrath of Beogh upon you.
Beogh smites you!
Ouch! That really hurt!
You die...

#.# # #.........
#.# ###.###.. ..
#o# #.# #.# #.##
######..###.
####!†o.........
#..@.#####..##l#
#..#### #....
.... .... ###
..[.. ####


You could see an orc priest.

Vanquished Creatures
  An adder (D:2)
  An ooze (D:2)
  A worm (D:2)
  A dart slug (D:1)
  2 leopard geckos (D:1)
  2 orcs (D:2)
  5 bats
  A giant cockroach (D:1)
  3 goblins (D:1)
  6 hobgoblins (D:1)
  2 jackals (D:1)
  2 frilled lizards (D:1)
  6 rats
33 creatures vanquished.

Notes
Turn   | Place    | Note
-------+----------+-------------------------------------------
     0 | D:1      | mopl the Demonspawn Enchanter began the quest for the Orb.
     0 | D:1      | Reached XP level 1. HP: 13/13 MP: 3/3
   638 | D:1      | Reached skill level 3 in Stealth
   638 | D:1      | Gained mutation: You are partially covered in rugged brown
                  | scales. (AC +1, +3% HP) [demonic ancestry]
   638 | D:1      | Reached XP level 2. HP: 10/19 MP: 3/5
   900 | D:1      | Learned a level 2 spell: Ensorcelled Hibernation
  1576 | D:1      | Gained mutation: You are slightly more attuned to the
                  | shadows. [demonic ancestry]
  1576 | D:1      | Reached XP level 3. HP: 19/24 MP: 6/6
  1908 | D:2      | Learned a level 3 spell: Confuse
  2198 | D:2      | Killed from afar by an orc priest

Vault maps used:
D:1:      eino_arrival_water_cross
D:2:      old_standard_altar, grunt_decor_cap

Skill      XL: |  1 |
---------------+----+-----
Stealth        | 3 |  3.4
Short Blades   | |  0.8
Dodging        | |  1.7
Spellcasting   | |  2.4
Hexes          | |  3.7
Ice Magic      | |  0.7

Action                   || total
-------------------------++-------
Melee: Dagger            ||   114
 Cast: Corona            ||     9
       Ensorcelled Hiber ||    10
  Use: Scroll            ||     1
 Stab: Sleeping          ||    13
       Distracted        ||     1
  Eat: Chunk             ||     5
Armor: Robe              ||    21
Dodge: Dodged            ||    83

Table legend:
 A = Non-vault XP
 B = Vault XP
 C = Vault XP percentage of total XP
 D = Non-vault monster count
 E = Vault monster count
 F = Vault count percentage of total count
                 A         B        C        D         E       F
            +---------+---------+-------+---------+---------+-------
      Total |      80 |       0 |   0.0 |      33 |       0 |   0.0
            +---------+---------+-------+---------+---------+-------
        D:1 |      44 |       0 |   0.0 |      24 |       0 |   0.0
        D:2 |      36 |       0 |   0.0 |       9 |       0 |   0.0
            +---------+---------+-------+---------+---------+-------
